 Dungeon Crawl Stone Soup version 0.23-a0-402-g64599a1 (console) character file.

109 bli the Insei (level 4, -1/28 HPs)
             Began as an Octopode Transmuter on Nov 4, 2018.
             Slain by a hobgoblin
             ... wielding a cursed +0 club
             ... led by Robin
              (5 damage)
             ... on level 2 of the Dungeon.
             The game lasted 00:05:46 (1808 turns).

bli the Insei (Octopode Transmuter)                 Turns: 1808, Time: 00:05:46

Health: -1/28      AC:  1    Str:  9    XL:     4   Next: 90%
Magic:  3/7        EV: 14    Int: 15    God:
Gold:   38         SH:  0    Dex: 13    Spells: 4/7 levels left

rFire    . . .     SeeInvis .     - Unarmed
rCold    . . .     Gourm    .   (no shield)
rNeg     . . .     Faith    .   (helmet restricted)
rPois    .         Spirit   .   (no amulet)
rElec    .         Reflect  .   k - ring of flight
rCorr    .         Harm     .   r - ring of teleportation (curse)
MR       .....     Rnd*Tele +   (no ring)
Stlth    ++........             (no ring)
HPRegen  0.09/turn              (no ring)
MPRegen  0.10/turn              (no ring)
                                (no ring)
                                (no ring)

@: very slightly contaminated
A: almost no armour, stealthy swim, amphibious, 8 rings, constrict 8, camouflage
1, gelatinous body 1
a: Evoke Flight


You were on level 2 of the Dungeon.
You were very hungry.

You visited 1 branch of the dungeon, and saw 2 of its levels.

You collected 38 gold pieces.

Inventory:

Hand Weapons
 b - a +2 dagger of speed
 n - a +1 dagger of venom
 o - a +1 mace of protection
Missiles
 a - 11 arrows
 t - 41 stones (quivered)
Jewellery
 k - a ring of flight (left tentacle)
 r - a cursed ring of teleportation (right tentacle)
Scrolls
 e - a scroll of enchant armour {unknown}
 j - a scroll of noise {unknown}
 l - a scroll of remove curse {unknown}
 q - a scroll of immolation {unknown}
 s - 3 scrolls of identify {unknown}
Potions
 d - a potion of might {unknown}
 g - a potion of brilliance {unknown}
 h - 2 potions of lignification {unknown}
 i - a potion of magic {unknown}
 m - a potion of flight {unknown}
 p - a potion of cancellation {unknown}
 u - a potion of curing {unknown}
Comestibles
 c - 3 rations


   Skills:
 + Level 1.2 Fighting
 + Level 2.5 Dodging
 * Level 5.1 Unarmed Combat
 - Level 2.0 Spellcasting
 - Level 2.0 Transmutations


You had 4 spell levels left.
You knew the following spells:

 Your Spells              Type           Power        Failure   Level  Hunger
a - Beastly Appendage     Tmut           #.....       10%         1    #......
b - Sticks to Snakes      Tmut           #.......     14%         2    ###....

Your spell library contained the following spells:

 Spells                   Type           Power        Failure   Level  Hunger
 Spider Form              Tmut/Pois      #.........   41%         3    ###....
 Ice Form                 Ice/Tmut       #.......     82%         4    #####..
 Blade Hands              Tmut           #.........   95%         5    ######.


Dungeon Overview and Level Annotations

Branches:
Dungeon (2/15)

Altars:
Gozag
Hepliaklqana
Okawaru
Ru
Vehumet
Wu Jian
Yredelemnul


Innate Abilities, Weirdness & Mutations

You cannot wear most types of armour.
You are very stealthy in the water. (Stealth+)
You are amphibious.
You can wear up to eight rings at the same time.
You can use your tentacles to constrict eight enemies at once.
Your skin changes colour to match your surroundings (Stealth+).
Your rubbery body absorbs attacks. (AC +1, EV +1)


Message History

You closely miss the goblin. Your grab misses the goblin.
Your squeeze misses You barely miss the goblin.
Your grab misses the goblin.
The goblin closely You tentacle-slap the goblin.
Your grab misses the goblin.
Your tentacle-slap The goblin is almost dead.
The goblin closely misses you.
You barely miss the goblin. Your grab misses the goblin.
The goblin is almost dead.
The goblin closely misses you.
You tentacle-slap the goblin.
You kill the goblin!
You tentacle-slap the hobgoblin. Your grab misses the hobgoblin.
Your squeeze The hobgoblin is lightly wounded.
You barely miss the hobgoblin. Your grab misses the hobgoblin.
Your squeeze The hobgoblin is lightly wounded.
The hobgoblin closely misses you.
You tentacle-slap the hobgoblin. You grab the hobgoblin.
The hobgoblin is moderately wounded.
You constrict the hobgoblin.
The hobgoblin hits you with a cursed +0 club.
You die...

.....................##..##..####
....###...####.......# #....(g...
......##..## #......######g#....
###....#...####.......###.....###
# #............#.......#..#.### #
#......................##g# #
#....................###.g# #
#.....<.(............###)## #
#............)))...#..##g# #
#.......)<...)######[..(.#
#..##........†@g......g(.# #..#
#........(###...<.##.# ...
#.........# #.(....#.# .
#.........# ######...## ###
########### ##......#....
##............ #.............
#............. #.............
#............. #.............


You could see a hobgoblin.

Vanquished Creatures
  Terence (D:2)
  Robin (D:2)
  2 adders (D:2)
  2 dart slugs (D:2)
  A leopard gecko (D:2)
  A ball python (D:2)
  2 giant cockroaches (D:1)
  15 goblins
  3 hobgoblins
  3 jackals (D:2)
  5 kobolds (D:1)
  2 bats
  2 frilled lizards (D:1)
  4 rats (D:1)
44 creatures vanquished.

Vanquished Creatures (collateral kills)
  A goblin (D:2)
1 creature vanquished.

Grand Total: 45 creatures vanquished

Notes
Turn   | Place    | Note
-------+----------+-------------------------------------------
     0 | D:1      | bli the Octopode Transmuter began the quest for the Orb.
     0 | D:1      | Reached XP level 1. HP: 13/13 MP: 3/3
   101 | D:1      | Reached XP level 2. HP: 9/18 MP: 5/5
   828 | D:2      | Noticed Terence
   838 | D:2      | Killed Terence
   838 | D:2      | Reached skill level 4 in Unarmed Combat
   838 | D:2      | Reached XP level 3. HP: 15/23 MP: 4/6
  1075 | D:2      | Reached XP level 4. HP: 17/28 MP: 7/7
  1381 | D:2      | Noticed Robin
  1551 | D:2      | Found a sacrificial altar of Ru.
  1552 | D:2      | Found an opulent altar of Gozag.
  1554 | D:2      | Found a hazy altar of Hepliaklqana.
  1558 | D:2      | Found a basalt altar of Yredelemnul.
  1558 | D:2      | Found an ornate altar of the Wu Jian Council.
  1560 | D:2      | Found a radiant altar of Vehumet.
  1560 | D:2      | Found an iron altar of Okawaru.
  1634 | D:1      | Learned a level 2 spell: Sticks to Snakes
  1790 | D:2      | Killed Robin
  1790 | D:2      | Reached skill level 5 in Unarmed Combat
  1808 | D:2      | Slain by a hobgoblin

Vault maps used:
D:1:      dpeg_arrival_rooms_with_view, serial_corexii_hall,
          corexii_hall_statues_x, corexii_hall_statues_u,
          corexii_hall_statues_x, corexii_hall_statues_deadend
D:2:      grunt_temple_overflow_growth_and_decay, grunt_temple_overflow_open,
          uniq_terence, uniq_robin

Skill      XL: |  1  2  3  4 |
---------------+-------------+-----
Unarmed Combat | 4 5 |  5.1
Fighting       | |  1.2
Dodging        | |  2.5
Spellcasting   | |  2.0
Transmutations | |  2.0

Action                   |  1- 3 |  4- 6 || total
-------------------------+-------+-------++-------
Melee: Unarmed           |    74 |    47 ||   121
       Constrict         |    16 |    15 ||    31
       Tentacles         |    11 |     7 ||    18
       Kick              |     6 |     5 ||    11
       Punch             |     2 |       ||     2
Throw: Stone             |     4 |     5 ||     9
 Cast: Beastly Appendage |     7 |     4 ||    11
       Sticks to Snakes  |       |     1 ||     1
 Stab: Sleeping          |     4 |       ||     4
  Eat: Chunk             |     1 |     1 ||     2
Armor: Skin              |     3 |     2 ||     5
Dodge: Dodged            |    42 |    39 ||    81

Table legend:
 A = Non-vault XP
 B = Vault XP
 C = Vault XP percentage of total XP
 D = Non-vault monster count
 E = Vault monster count
 F = Vault count percentage of total count
                 A         B        C        D         E       F
            +---------+---------+-------+---------+---------+-------
      Total |      81 |      76 |  48.4 |      31 |      14 |  31.1
            +---------+---------+-------+---------+---------+-------
        D:1 |      28 |       8 |  22.2 |      18 |       4 |  18.2
        D:2 |      53 |      68 |  56.2 |      13 |      10 |  43.5
            +---------+---------+-------+---------+---------+-------
